 Dungeon Crawl Stone Soup version 0.26-a0-812-g31a745ddcd (webtiles) character file.

Game seed: 15599192157480601611

44 kae the Chopper (level 3, -2/33 HPs)
             Began as a Hill Orc Fighter on Nov 27, 2020.
             Slain by a gnoll (4 damage)
             ... on level 1 of the Dungeon.
             The game lasted 00:00:36 (1169 turns).

kae the Chopper (Hill Orc Fighter)                  Turns: 1169, Time: 00:00:36

Health: -2/33      AC:  7    Str: 19    XL:     3   Next: 60%
Magic:  3/3        EV:  7    Int:  8    God:
Gold:   130        SH:  9    Dex: 10    Spells: 2/2 levels left

rFire    . . .     SeeInvis .   a - +0 war axe
rCold    . . .     Faith    .   c - +0 kite shield
rNeg     . . .     Spirit   .   b - +0 scale mail
rPois    .         Reflect  .   (no helmet)
rElec    .         Harm     .   (no cloak)
rCorr    .         Rampage  .   (no gloves)
MR       .....                  (no boots)
Stlth    ..........             (no amulet)
HPRegen  0.11/turn              (no ring)
MPRegen  0.08/turn              (no ring)

@: no status effects
A: no striking features
a: no special abilities


You were on level 1 of the Dungeon.
You visited 1 branch of the dungeon, and saw 2 of its levels.

You collected 130 gold pieces.

Inventory:

Hand Weapons
 a - a +0 war axe (weapon)
Armour
 b - a +0 scale mail (worn)
 c - a +0 kite shield (worn)
Jewellery
 h - a +4 ring of slaying {unknown}
Scrolls
 f - 2 scrolls of remove curse {unknown}
Potions
 d - a potion of might
 e - a potion of brilliance {unknown}
 g - a potion of heal wounds {unknown}


   Skills:
 + Level 4.1 Fighting
 * Level 4.1 Axes
 + Level 3.7 Armour
 - Level 3.2 Shields


You had 2 spell levels left.
You didn't know any spells.
Your spell library was empty.

Dungeon Overview and Level Annotations

Branches:
Dungeon (2/15)

Altars:


Message History

You are too injured to fight recklessly!
You are too injured to fight recklessly!
You are too injured to fight recklessly!
You are too injured to fight recklessly!
You completely miss the gnoll. You hit the gnoll but do no damage.
The gnoll hits you. The gnoll hits you but does no damage.
The gnoll barely misses you.
You hit the gnoll but do no damage. You closely miss the gnoll.
The gnoll hits you with a +0 spear. The gnoll barely misses you.
You barely miss the gnoll. You closely miss the gnoll.
The gnoll hits you with a +0 spear.
* * * LOW HITPOINT WARNING * * *
The gnoll hits you.
* * * LOW HITPOINT WARNING * * *
The gnoll hits you with a +0 spear.
* * * LOW HITPOINT WARNING * * *
You slash the gnoll!
The gnoll is severely wounded.
You hit the gnoll. The gnoll hits you.
You die...

##.#.###.# #.#.####.# ##..# #.#
#........#
###########..###.###...######
................)......#
########.##.####.####..##########
#.##......................
########.#######.).....##########
......##.# ########.# ##.##.##.#
#g@.####.# #.##.##.# #.g......#
#.##.##.## #...######
#(##.#.#.######^##
#.##..###.......#
##.####.#.######## .........##
...####### ####


You could see 2 gnolls.

Vanquished Creatures
  An adder (D:2)
  A dart slug (D:1)
  2 leopard geckos (D:1)
  3 bats (D:1)
  A giant cockroach (D:1)
  5 hobgoblins (D:1)
  3 jackals (D:1)
  4 goblins
  3 kobolds
  3 rats
26 creatures vanquished.

Notes
Turn   | Place    | Note
-------+----------+-------------------------------------------
     0 | D:1      | kae the Hill Orc Fighter began the quest for the Orb.
     0 | D:1      | Reached XP level 1. HP: 19/19 MP: 1/1
   176 | D:1      | Reached XP level 2. HP: 27/27 MP: 2/2
   383 | D:1      | Reached XP level 3. HP: 33/33 MP: 3/3
  1169 | D:1      | Slain by a gnoll

Illustrated notes

Levels and vault maps discovered:
D:1:      saegor_arrival_simple_b, layout_loops_ring
D:2:      layout_loops_ring, yredelemnul_forgotten_temple_becter,
          nicolae_underground_beach, uniq_sigmund, uniq_jessica, uniq_robin

Skill      XL: |  1  2  3 |
---------------+----------+-----
Axes           | 3 4 |  4.1
Fighting       | 4 |  4.1
Armour         | |  3.7
Shields        | |  3.2

Action                   || total
-------------------------++-------
Melee: War axe           ||   108
Armor: Scale mail        ||    59
Dodge: Dodged            ||    40
Block: Kite shield       ||    65

Table legend: (Time is in decaauts)
 A = Elapsed time spent in this place.
 B = Non-inter-level travel time spent in this place.
 C = Inter-level travel time spent in this place.
 D = Time resting spent in this place.
 E = Time spent auto-exploring this place.
 F = Levels seen in this place.
 G = Mean time per level.
                   A        B        C        D        E       F      G
               +--------+--------+--------+--------+--------+-----+--------+
         Total |   1214 |   1205 |      9 |    281 |    686 |   2 |  607.0 |
       Dungeon |   1214 |   1205 |      9 |    281 |    686 |   2 |  607.0 |
               +--------+--------+--------+--------+--------+-----+--------+

Top non-repeatable levels by time:
     D:1: 1108 daAuts
     D:2: 106 daAuts
